 Dungeon Crawl Stone Soup version 0.27.0-1-g7a089689b8 (webtiles) character file.

Game seed: 4374945124466624695

4 oldmanjim the Grasshopper (level 1, -6/16 HPs)
             Began as a Formicid Warper on Aug 4, 2021.
             Mangled by a gnoll (12 damage)
             ... on level 1 of the Dungeon.
             The game lasted 00:02:15 (126 turns).

oldmanjim the Grasshopper (Formicid Warper)          Turns: 126, Time: 00:02:16

Health: -6/16      AC:  3    Str: 15    XL:     1   Next: 77%
Magic:  3/3        EV: 11    Int: 12    God:
Gold:   22         SH:  0    Dex: 10    Spells: 4/4 levels left

rFire    . . .     SeeInvis +   a - +0 spear
rCold    . . .     Faith    .   (no shield)
rNeg     . . .     Spirit   .   b - +0 leather armour
rPois    .         Reflect  .   (helmet unavailable)
rElec    .         Harm     .   (no cloak)
rCorr    .         Rampage  .   (no gloves)
Will     .....                  (no boots)
Stlth    +.........             (no amulet)
HPRegen  0.05/turn              (no ring)
MPRegen  0.08/turn              (no ring)

@: no status effects
A: permanent stasis, dig shafts and tunnels, antennae 3, four strong arms
a: Dig, Shaft Self


You were on level 1 of the Dungeon.
You visited 1 branch of the dungeon, and saw 1 of its levels.

You collected 22 gold pieces.

Inventory:

Hand Weapons
 a - a +0 spear (weapon)
Missiles
 c - 5 boomerangs of dispersal (quivered)
 g - 8 sling bullets
 h - 2 stones
Armour
 b - a +0 leather armour (worn)
Scrolls
 d - a scroll of magic mapping {unknown}
 f - a scroll of identify {unknown}
Potions
 e - a potion of lignification {unknown}


   Skills:
 + Level 2.3 Fighting
 + Level 2.1 Polearms
 - Level 1.0 Throwing
 + Level 1.2 Armour
 - Level 2.0 Dodging
 - Level 2.1 Spellcasting
 - Level 2.6 Translocations


You had 4 spell levels left.
You didn't know any spells.
Your spell library contained the following spells:

 Spells                   Type           Power      Damage    Failure   Level
 Pain                     Necr           4%         1d4       32%         1
 Gell's Gravitas          Tloc           3%         N/A       32%         3
 Lesser Beckoning         Tloc           3%         N/A       32%         3
 Teleport Other           Tloc           7%         N/A       32%         3
 Manifold Assault         Tloc           7%         N/A       97%         5
 Shadow Creatures         Summ           N/A        N/A       100%        6
 Monstrous Menagerie      Summ           0%         N/A       100%        7
 Blink                    Tloc           Unusable   N/A       N/A         2

Dungeon Overview and Level Annotations

Branches:
Dungeon (1/15)

Altars:


Innate Abilities, Weirdness & Mutations

You cannot be hasted, slowed, berserked, paralysed or teleported.
You can dig through walls and to a lower floor.
You have a pair of large antennae on your head. (SInv)
Your four strong arms can wield two-handed weapons with a shield.


Message History

Okay, then.
You sense a monster nearby.
e - a lumpy golden potion
f - a scroll labelled ZENTOS EGAY
g - 8 sling bullets A kobold comes into view.
It is wielding a +0 dagger.
The kobold shouts!
Found a scale mail.
The kobold throws a stone.
The stone misses you.
You see here a scroll labelled MIRGHA XAQINOGIMO.
The kobold throws a stone.
The stone barely misses you.
The kobold throws a stone.
The stone closely misses you.
A rat comes into view.
You reach to attack!
You hit the kobold.
You kill the kobold!
You reach to attack!
You hit the rat.
The rat is heavily wounded.
You hit the rat.
You kill the rat!
Training target 2.0 for Dodging reached!
Your Dodging skill increases to level 2!
No target in view!
No target in view!
No target in view!
A gnoll comes into view.
It is wielding a +1 flail of protection.
The gnoll shouts!
The gnoll moves out of view.
h - 2 stones You see here a +0 dagger.
A gnoll is nearby!
A gnoll is nearby!
You hit the gnoll but do no damage.
The gnoll hits you with a +1 flail of protection!
Ouch! That really hurt!
You are too injured to fight recklessly!
You are too injured to fight recklessly!
You hit the gnoll but do no damage.
The gnoll hits you with a +1 flail of protection!
Ouch! That really hurt!
You die...

#. ..#.# # #[.. ......
#. ## ..# #.#..# #.. ..
..# #....# ..##.
###.#######..... ...
..... .........
######g####.#####.......
.......@................
######.....?....#....#..
#..####.##.###..### #..#
#.##.# #..... #..#
#.##.# ##.... #...
.....# #.##. .... .....#
#.##. ..... ......#
#.##. ....... ..##.


You could see a gnoll.

Vanquished Creatures
  A bat (D:1)
  A hobgoblin (D:1)
  A kobold (D:1)
  2 rats (D:1)
5 creatures vanquished.

Notes
Turn   | Place    | Note
-------+----------+-------------------------------------------
     0 | D:1      | oldmanjim the Formicid Warper began the quest for the Orb.
     0 | D:1      | Reached XP level 1. HP: 16/16 MP: 3/3
    78 | D:1      | Got the Catalogue of Creative Sinister Rites
   126 | D:1      | Mangled by a gnoll

Illustrated notes

Levels and vault maps discovered:
D:1:      minmay_arrival_four_houses, layout_basic, st_stairs_4

Skill      XL: |  1 |
---------------+----+-----
Dodging        | 2 |  2.0
Fighting       | |  2.3
Polearms       | |  2.1
Throwing       | |  1.0
Armour         | |  1.2
Spellcasting   | |  2.1
Translocations | |  2.6

Action                   || total
-------------------------++-------
Melee: Spear             ||    14
Armor: Leather armour    ||     3
Dodge: Dodged            ||     8
